 Dungeon Crawl Stone Soup version 0.25.1-2-g60ff931df9 (webtiles) character file.

Game seed: 6373093521238846194

8365 Exodus22XD the Carver (level 11, -1/86 HPs)
             Began as a Human Berserker on Oct 17, 2020.
             Was a High Priest of Trog.
             Killed by divine providence
             ... invoked by an orc priest
              (11 damage)
             ... on level 11 of the Dungeon.
             The game lasted 00:18:49 (13042 turns).

Exodus22XD the Carver (Human Berserker)            Turns: 13042, Time: 00:18:49

Health: -1/86      AC: 16    Str: 28    XL:     11   Next: 54%
Magic:  11/11      EV: 11    Int:  7    God:    Trog [*****.]
Gold:   515        SH:  0    Dex: 12    Spells: 10/10 levels left

rFire    . . .     SeeInvis .   K - +3 long sword
rCold    . . .     Gourm    .   (no shield)
rNeg     . . .     Faith    .   o - +0 chain mail
rPois    .         Spirit   .   (no helmet)
rElec    .         Reflect  .   D - +0 cloak
rCorr    .         Harm     .   u - +2 pair of gloves
MR       +....                  (no boots)
Stlth    ..........             (no amulet)
HPRegen  0.24/turn              g - +6 ring of strength
MPRegen  0.12/turn              q - ring of protection from magic

@: berserk cooldown, slowed, very slow
A: no striking features
a: Berserk, Trog's Hand, Brothers in Arms, Renounce Religion


You were on level 11 of the Dungeon.
You worshipped Trog.
Trog was extremely pleased with you.
You were not hungry.

You visited 1 branch of the dungeon, and saw 11 of its levels.
You also visited: Sewer.

You collected 515 gold pieces.

Inventory:

Hand Weapons
 y - a +0 rapier of flaming
 J - a cursed +3 great sword
 K - a +3 long sword (weapon)
Armour
 o - a +0 chain mail (worn)
 u - a +2 pair of gloves (worn)
 D - a +0 cloak (worn)
 N - the +2 robe of Vines {NoPotionHeal Regen+7}
   (You found it on level 10 of the Dungeon)

   It increases your rate of regeneration.
Jewellery
 g - a +6 ring of strength (left hand)
 q - a ring of protection from magic (right hand)
 x - an uncursed ring of protection from fire
 E - an uncursed ring of flight
 F - an uncursed ring of protection from cold
Wands
 z - a wand of disintegration (14)
 G - a wand of clouds (8)
 I - a wand of acid (16)
Scrolls
 a - a scroll of immolation {unknown}
 b - 6 scrolls of teleportation
 d - 3 scrolls of amnesia {unknown}
 f - 9 scrolls of identify {unknown}
 i - a scroll of random uselessness {unknown}
 l - 3 scrolls of remove curse {unknown}
 p - 3 scrolls of noise {unknown}
 t - a scroll of fear {unknown}
 A - 4 scrolls of enchant armour {unknown}
 B - a scroll of magic mapping {unknown}
 L - a scroll of blinking {unknown}
Potions
 e - 2 potions of flight {unknown}
 h - 2 potions of curing
 j - 2 potions of mutation {unknown}
 k - a potion of heal wounds {unknown}
 m - a potion of ambrosia {unknown}
 n - 3 potions of cancellation {unknown}
 r - 4 potions of lignification {unknown}
 s - a potion of stabbing {unknown}
 v - a potion of brilliance {unknown}
 w - a potion of haste {unknown}
 C - a potion of berserk rage {unknown}
 H - a potion of invisibility {unknown}
Comestibles
 c - 7 rations
 M - 2 chunks of flesh


   Skills:
 + Level 8.1 Fighting
 + Level 11.8 Long Blades
 + Level 9.5 Armour
 + Level 5.0 Dodging


You had 10 spell levels left.
You didn't know any spells.
Your spell library was empty.

Dungeon Overview and Level Annotations

Branches:
Dungeon (11/15)            Temple (0/1) D:5            Lair (0/6) D:9
  Sewer (visited)
    Orc: D:9-12

Altars:
Dithmenos
Hepliaklqana
Kikubaaqudgha
Makhleb
Okawaru
Sif Muna
Trog
Wu Jian
Xom
Zin
The Shining One

Portals:
Trove: D:10 (give horn of Geryon)


Message History

The orc warrior hits you with a +0 battleaxe.
The orc priest calls upon Beogh to heal the orc warrior.
The orc warrior is healed somewhat.
The orc shouts!
The orc priest calls upon Beogh to heal the orc warrior.
The orc warrior's wounds heal themselves!
An orc comes into view. It is wielding a +0 war axe.
Really walk into that dispersal trap?
You enter a dispersal trap!
The orc warrior blinks!
The orc priest blinks! x2
The orc warrior blinks!
The orc blinks! x3; You blink.
The orc warrior hits you with a +0 battleaxe.
The orc warrior hits you with a +0 battleaxe!!
* * * LOW HITPOINT WARNING * * *
Okay, then.
You feel better. The orc priest barely misses you.
The orc hits you but does no damage. The orc hits you with a +0 flail.
* * * LOW HITPOINT WARNING * * *
The orc priest calls down the wrath of Beogh upon you.
Beogh smites you!
You die...

...#.........#.......#
...#.........#.......#
...#.....†...+.......####
.. #########'#.......#..#
.............##'##.[#
...........÷.+..##..#
.............#..##..####.#
.............#####........
#+#######'#.o@o...#...>....
#.........#..oo...'........
#.........+..o....#........
..####'###.......#........
#..........#'###....##..
#.......<..#..##....## #
#####...§......#.........#
#..............#.........#
#..............#.........#


You could see an orc warrior, 2 orc priests and 2 orcs.

Vanquished Creatures
  An ugly thing (D:11)
  Joseph (D:8)
  Sigmund (D:4)
  The ghost of sfoobar the Skirmisher, an amateur MiBe of Trog (D:3)
  3 yaks (D:6)
  Eustachio (D:4)
  2 steam dragons (D:8)
  3 hungry ghosts
  A water moccasin (D:6)
  A porcupine (D:9)
  7 orc warriors
  3 black bears
  A necrophage (D:11)
  2 sky beasts
  4 ogres
  10 centaurs
  3 phantoms
  A crocodile (D:9)
  Blork the orc (D:6)
  5 bullfrogs
  2 big kobolds
  2 scorpions
  10 killer bees
  4 wights (D:8)
  4 howler monkeys
  5 crimson imps
  A gnoll shaman (D:9)
  A bullfrog zombie (D:9)
  10 orc wizards
  8 orc priests
  5 hounds
  3 jellies
  2 iguanas (D:8)
  Natasha (thrice) (D:4)
  6 worker ants
  A killer bee zombie (D:7)
  2 hound skeletons
  A worker ant zombie (D:6)
  A howler monkey zombie (D:6)
  4 gnolls (D:9)
  12 adders
  2 river rats
  4 shadow imps
  8 worms
  2 dart slugs
  6 leopard geckos
  44 orcs
  A ball python (D:4)
  3 bat zombies (D:9)
  3 giant cockroaches
  8 goblins
  5 hobgoblins
  6 jackals
  3 quokkas
  8 bats
  6 frilled lizards
  16 kobolds
  A leopard gecko zombie (D:5)
  8 rats
  A rat zombie (D:9)
274 creatures vanquished.

Vanquished Creatures (collateral kills)
  A steam dragon (D:8)
  A hound (D:8)
  2 orc priests (D:8)
  A hound zombie (D:8)
  A howler monkey zombie (D:8)
6 creatures vanquished.

Vanquished Creatures (others)
  An orc warrior (D:8)
  A fungus (D:9)
2 creatures vanquished.

Grand Total: 282 creatures vanquished

Notes
Turn   | Place    | Note
-------+----------+-------------------------------------------
     0 | D:1      | Exodus22XD the Human Berserker began the quest for the Orb.
     0 | D:1      | Reached XP level 1. HP: 18/18 MP: 1/1
   246 | D:1      | Reached XP level 2. HP: 24/24 MP: 2/2
  1003 | D:2      | Found a glowing silver altar of Zin.
  1053 | D:2      | Reached XP level 3. HP: 27/29 MP: 3/3
  1272 | D:2      | Reached ** piety under Trog
  1320 | D:2      | Reached XP level 4. HP: 34/35 MP: 4/4
  1733 | D:2      | Reached skill level 4 in Long Blades
  1820 | D:2      | Noticed a centaur
  1828 | D:2      | Killed a centaur
  1828 | D:2      | Reached XP level 5. HP: 42/42 MP: 5/5
  2265 | D:3      | Found a glowing drain.
  2269 | Sewer    | Entered a sewer
  2279 | Sewer    | Reached XP level 6. HP: 31/48 MP: 6/6
  2459 | Sewer    | Found a white marble altar of Elyvilon.
  2571 | D:3      | Reached skill level 5 in Long Blades
  2806 | D:3      | Reached *** piety under Trog
  2952 | D:3      | Found a large runed translucent door.
  2952 | D:3      | Found a large runed translucent door.
  2955 | D:3      | Noticed sfoobar's ghost (amateur MiBe)
  2990 | D:3      | Killed sfoobar's ghost
  2990 | D:3      | Reached XP level 7. HP: 54/54 MP: 7/7
  3168 | D:4      | Noticed Natasha
  3179 | D:4      | Killed Natasha
  3249 | D:4      | Noticed Sigmund
  3257 | D:4      | Killed Sigmund
  3257 | D:4      | Reached skill level 6 in Long Blades
  3389 | D:4      | Noticed Eustachio
  3412 | D:4      | Killed Eustachio
  3412 | D:4      | Reached XP level 8. HP: 47/61 MP: 8/8
  3825 | D:4      | Noticed Natasha
  3835 | D:4      | Killed Natasha
  4051 | D:4      | Reached skill level 7 in Long Blades
  4061 | D:4      | Reached skill level 5 in Fighting
  4231 | D:4      | Reached skill level 5 in Armour
  4363 | D:4      | Noticed Natasha
  4371 | D:4      | Killed Natasha
  4586 | D:5      | Entered Level 5 of the Dungeon
  4892 | D:5      | Reached **** piety under Trog
  5024 | D:5      | Found a staircase to the Ecumenical Temple.
  5035 | D:5      | Reached XP level 9. HP: 61/68 MP: 9/9
  5198 | D:5      | Reached skill level 8 in Long Blades
  5852 | D:5      | Found a shadowy altar of Dithmenos.
  6219 | D:6      | Noticed Blork the orc
  6244 | D:6      | Killed Blork the orc
  6705 | D:6      | Found a hazy altar of Hepliaklqana.
  6716 | D:6      | Reached skill level 9 in Long Blades
  7497 | D:6      | Found an iron altar of Okawaru.
  7497 | D:6      | Found a bloodstained altar of Trog.
  7828 | D:7      | Reached XP level 10. HP: 55/76 MP: 10/10
  8350 | D:7      | Reached skill level 10 in Long Blades
  8747 | D:7      | Found a glowing golden altar of the Shining One.
  8772 | D:7      | Paralysed by fainting for 7 turns
  8798 | D:7      | Paralysed by fainting for 10 turns
  8918 | D:8      | Noticed Joseph
  8960 | D:8      | Killed Joseph
  8961 | D:8      | HP: 3/77 [steam dragon/ball of steam (5)]
  8965 | D:8      | HP: 1/77 [orc priest/divine providence (12)]
  9861 | D:8      | Reached ***** piety under Trog
 10009 | D:8      | Found a shimmering blue altar of Sif Muna.
 10200 | D:8      | Reached XP level 11. HP: 84/84 MP: 11/11
 10282 | D:8      | Found a shimmering blue altar of Sif Muna.
 10473 | D:9      | Reached skill level 11 in Long Blades
 10598 | D:9      | Found an ornate altar of the Wu Jian Council.
 10916 | D:9      | Found a shimmering altar of Xom.
 10917 | D:9      | Found a burning altar of Makhleb.
 11357 | D:9      | Found a staircase to the Lair.
 11634 | D:9      | Received a gift from Trog
 11847 | D:9      | Found an ancient bone altar of Kikubaaqudgha.
 11880 | D:10     | Entered Level 10 of the Dungeon
 12052 | D:10     | Found the +2 robe of Vines {NoPotionHeal Regen+7}
 12118 | D:10     | Found a portal to a secret trove of treasure.
 12997 | D:11     | Noticed a cyan ugly thing
 13011 | D:11     | Killed a cyan ugly thing
 13011 | D:11     | Reached skill level 5 in Dodging
 13042 | D:11     | Killed from afar by an orc priest

Illustrated notes

Levels and vault maps discovered:
D:1:      wander_arrival_fairy_ring, layout_loops_ring, minmay_hexomino_u4
D:2:      layout_loops_ring, zin_academy, minmay_misc_feat_room,
          kennysheep_another_room
D:3:      layout_basic, ebering_ghost_disaster_area, gup_sewer_entry_bowl,
          st_stairs_13, minmay_misc_feat_five
D:4:      layout_basic, chequers_serial_rivers_small_a, st_stairs_8,
          minmay_bisected, uniq_sigmund, uniq_eustachio, uniq_natasha
D:5:      layout_basic, lemuel_round_altar, minmay_temple_entry_glass,
          first_ration
D:6:      layout_basic, lemuel_round_altar, grunt_temple_overflow_bloody_war,
          uniq_blork_the_orc
D:7:      layout_rooms, nicolae_tso_carved_into_rock
D:8:      cheibrodos_steamvent, layout_loops_ring, kennysheep_mini,
          led_sif_book, uniq_joseph
D:9:      layout_basic, grunt_temple_overflow_champion_of_chaos,
          lemuel_round_altar, lemuel_zombie_altar_kikubaaqudgha,
          grunt_lair_entry_orc_guard_hut
D:10:     layout_basic, nicolae_trove_entry_crossroad
D:11:     layout_gridville, uniq_fannar

Skill      XL: |  1  2  3  4  5  6  7  8  9 10 11 |
---------------+----------------------------------+-----
Long Blades    | 4 5 6 7 9 10 11 | 11.8
Armour         | 3 4 5 7 8 9 |  9.5
Dodging        | 3 4 5 |  5.0
Fighting       | 4 5 6 7 8 |  8.1

Action                   |  1- 3 |  4- 6 |  7- 9 | 10-12 || total
-------------------------+-------+-------+-------+-------++-------
Melee: Falchion          |    63 |   177 |   297 |       ||   537
       Long sword        |       |       |    45 |   493 ||   538
       Scimitar          |       |       |    17 |       ||    17
Invok: Berserk           |       |     2 |     6 |     7 ||    15
       Brothers in Arms  |       |       |       |     1 ||     1
  Use: Scroll            |       |       |     1 |     1 ||     2
       Potion            |       |       |       |     3 ||     3
  Eat: Chunk             |     1 |     7 |    19 |    21 ||    48
       Ration            |       |       |     1 |     3 ||     4
Armor: Animal skin       |     5 |       |       |       ||     5
       Ring mail         |    15 |    12 |       |       ||    27
       Chain mail        |       |    88 |   212 |   274 ||   574
Dodge: Dodged            |    37 |   123 |   212 |   314 ||   686
       Rpst.: Falchion   |    14 |    38 |    61 |       ||   113
       Long sword        |       |       |     4 |    95 ||    99
       Scimitar          |       |       |     1 |       ||     1
